 Dungeon Crawl Stone Soup version 0.25.1-8-g42b30a86e7 (webtiles) character file.

Game seed: 3416700583287830856

2903 hawla the Thaumaturge (level 9, -8/62 HPs)
             Began as a Red Draconian Conjurer on Dec 9, 2020.
             Was a Believer of Vehumet.
             Mangled by a red ugly thing (11 damage)
             ... on level 10 of the Dungeon.
             The game lasted 00:23:52 (8969 turns).

hawla the Thaumaturge (Red Draconian Conjurer)      Turns: 8969, Time: 00:23:53

Health: -8/62      AC:  9    Str:  8 (10) XL:     9   Next: 49%
Magic:  16/21      EV: 12    Int: 16 (18) God:    Vehumet [**....]
Gold:   442        SH:  0    Dex: 18 (19) Spells: 10/24 levels left

rFire    + . .     SeeInvis .   w - +0 quarterstaff
rCold    + . .     Gourm    .   (shield currently unavailable)
rNeg     . . .     Faith    .   (armour unavailable)
rPois    .         Spirit   .   (helmet restricted)
rElec    .         Reflect  .   (no cloak)
rCorr    .         Harm     .   l - +1 pair of gloves
MR       .....                  (no boots)
Stlth    +.........             d - amulet of regeneration
HPRegen  0.60/turn              n - ring of protection from cold
MPRegen  0.17/turn              a - +6 ring of dexterity

@: confused, mighty, about to teleport, very slightly contaminated
A: breathe fire, unfitting armour, fire resistance 1, cold-blooded, AC +7
a: Breathe Fire, Renounce Religion


You were on level 10 of the Dungeon.
You worshipped Vehumet.
Vehumet was pleased with you.
You were not hungry.

You visited 2 branches of the dungeon, and saw 9 of its levels.
You also visited: Sewer.

You collected 442 gold pieces.

Inventory:

Hand Weapons
 w - a +0 quarterstaff (weapon)
Missiles
 q - 13 poisoned darts (quivered)
Armour
 l - a +1 pair of gloves (worn)
Magical Staves
 C - an uncursed staff of fire
Jewellery
 a - a +6 ring of dexterity (right hand)
 d - an amulet of regeneration (around neck)
 n - a ring of protection from cold (left hand)
 u - an uncursed amulet of magic regeneration
Wands
 f - a wand of enslavement (7)
 j - a wand of paralysis (14)
 k - a wand of disintegration (13)
 r - a wand of polymorph (14)
 A - a wand of digging (4)
Scrolls
 i - a scroll of teleportation
 p - a scroll of amnesia
 s - 2 scrolls of magic mapping
 v - 2 scrolls of identify
 y - a scroll of remove curse {unknown}
Potions
 c - 3 potions of stabbing
 h - 2 potions of flight
 m - 4 potions of curing
 o - a potion of resistance
Miscellaneous
 t - a phial of floods
Comestibles
 b - 5 rations
 B - 9 chunks of flesh


   Skills:
 - Level 1.7 Dodging
 - Level 1.7 Stealth
 + Level 8.1 Spellcasting
 - Level 6.5 Conjurations
 - Level 6.2 Translocations
 + Level 3.0 Transmutations
 + Level 3.5 Fire Magic
 + Level 3.0 Poison Magic


You had 10 spell levels left.
You knew the following spells:

 Your Spells              Type           Power        Failure   Level  Hunger
a - Magic Dart            Conj           ####         1%          1    None
b - Searing Ray           Conj           ####..       1%          2    None
c - Iskenderun's Mystic   Conj/Tloc      ####....     8%          4    ###....
d - Olgreb's Toxic Radia  Pois           ###.....     32%         4    ###....
e - Ignite Poison         Fire/Tmut/Pois ###.....     9%          3    #......

Your spell library contained the following spells:

 Spells                   Type           Power        Failure   Level  Hunger
 Foxfire                  Conj/Fire      ###.         1%          1    None
 Gell's Gravitas          Tloc           ####......   2%          3    #......
 Sting                    Tmut/Pois      ###.         3%          1    None
 Poisonous Vapours        Pois/Air       ##....       9%          2    None
 Dazzling Flash           Conj/Hex       ###...       9%          3    #......
 Mephitic Cloud           Conj/Pois/Air  ###.....     9%          3    #......
 Fulminant Prism          Conj/Hex       ###.......   28%         4    ###....
 Confusing Touch          Hex            #.......     32%         3    #......
 Petrify                  Tmut/Erth      ##......     52%         4    ###....
 Yara's Violent Unravell  Hex/Tmut       ##........   86%         5    #####..
 Metabolic Englaciation   Hex/Ice        #.........   97%         5    #####..


Dungeon Overview and Level Annotations

Branches:
Dungeon (7/15)             Temple (1/1) D:4           Sewer (visited)

Altars:
Ashenzari
Cheibriados
Dithmenos
Elyvilon
Fedhas
Gozag
Kikubaaqudgha
Makhleb
Nemelex Xobeh
Okawaru
Ru
Sif Muna
Trog
Uskayaw
Vehumet
Wu Jian
Yredelemnul
Zin
The Shining One


Innate Abilities, Weirdness & Mutations

You can breathe blasts of fire.
Your fiery red scales are hard. (AC +7)
You cannot fit into any form of body armour.
Your flesh is heat resistant. (rF+)
You are cold-blooded and may be slowed by cold attacks.


Message History

The red ugly thing is heavily wounded.
The red ugly thing bites you!
You are engulfed in flames.
You resist.
w - a +0 quarterstaff (weapon)
The red ugly thing misses you.
You thump the red ugly thing!
The red ugly thing is heavily wounded.
The red ugly thing bites you!
You are engulfed in flames!
You resist.
* * * LOW HITPOINT WARNING * * *
The orc wizard gestures wildly while chanting.
The orc wizard blinks!
As you read the scroll of teleportation, it crumbles to dust.
You feel strangely unstable. The red ugly thing bites you.
* * * LOW HITPOINT WARNING * * *
You are engulfed in flames!
You resist.
* * * LOW HITPOINT WARNING * * *
You are confused.
You feel invigorated. The red ugly thing bites you.
* * * LOW HITPOINT WARNING * * *
You are engulfed in flames!
You resist.
You die...

##.## #..#
####'###### .
#.........# ..
#.........### ...
#.........'.# ....
#.........#.## o..).
#........(#..##oc.<..
#.........##(@uc..(..
###+###########oY....
####.


You could see a red ugly thing, an ice beast, 2 centaurs, an orc priest and 2
orcs.

Vanquished Creatures
  Maggie (D:6)
  Edmund (D:4)
  2 ice beasts
  A sky beast (D:6)
  An orc warrior (D:6)
  A necrophage (D:3)
  4 ogres
  A centaur (D:10)
  A crocodile (Sewer)
  Blork the orc (D:6)
  2 bullfrogs
  8 wights (D:6)
  3 crimson imps
  3 hounds
  4 orc priests
  2 bullfrog skeletons
  A jelly (D:6)
  A centaur skeleton (D:7)
  Ijyb (D:3)
  8 orc wizards
  4 worker ants
  A hound skeleton (D:4)
  A worker ant zombie (D:6)
  3 gnolls (D:6)
  9 adders
  3 shadow imps
  2 oozes
  6 worms
  2 leopard geckos
  19 orcs
  2 ball pythons
  6 bats
  7 giant cockroaches
  8 goblins
  7 hobgoblins
  10 jackals
  9 kobolds
  5 quokkas
  6 frilled lizards
  A giant cockroach zombie (D:6)
  A jackal zombie (D:6)
  A leopard gecko zombie (D:5)
  5 rats
165 creatures vanquished.

Notes
Turn   | Place    | Note
-------+----------+-------------------------------------------
     0 | D:1      | hawla the Draconian Conjurer began the quest for the Orb.
     0 | D:1      | Reached XP level 1. HP: 14/14 MP: 3/3
   445 | D:1      | Reached XP level 2. HP: 16/20 MP: 0/5
   449 | D:1      | Learned a level 2 spell: Searing Ray
  1153 | D:2      | Found an opulent altar of Gozag.
  1156 | D:2      | Found an iron altar of Okawaru.
  1158 | D:2      | Found a shattered altar of Ashenzari.
  1191 | D:2      | Reached skill level 3 in Spellcasting
  2049 | D:2      | Reached XP level 3. HP: 26/26 MP: 2/7
  2975 | D:3      | Reached skill level 4 in Spellcasting
  3077 | D:3      | Reached XP level 4. HP: 29/33 MP: 3/10
  3167 | D:3      | Learned a level 4 spell: Iskenderun's Mystic Blast
  3274 | D:3      | Paralysed by a goblin for 7 turns
  3349 | D:3      | Reached skill level 1 in Translocations
  3585 | D:3      | Noticed a necrophage
  3591 | D:3      | Killed a necrophage
  3591 | D:3      | Reached XP level 5. HP: 38/38 MP: 6/11
  3916 | D:3      | Noticed Ijyb
  3936 | D:3      | Killed Ijyb
  4215 | D:4      | Reached XP level 6. HP: 41/45 MP: 4/13
  4433 | D:4      | Noticed Edmund
  4450 | D:4      | Killed Edmund
  4450 | D:4      | Reached skill level 5 in Spellcasting
  4626 | D:4      | Found a bloodstained altar of Trog.
  4797 | D:4      | Your scales start taking on a fiery red colour.
  4797 | D:4      | Reached XP level 7. HP: 47/50 MP: 8/14
  4797 | D:4      | Gained mutation: Your flesh is heat resistant. (rF+) [Red
                  | Draconian growth]
  4927 | D:4      | Found a staircase to the Ecumenical Temple.
  4959 | Temple   | Entered the Ecumenical Temple
  5259 | Temple   | Became a worshipper of Vehumet
  5508 | D:5      | Entered Level 5 of the Dungeon
  5789 | D:5      | Reached skill level 5 in Conjurations
  5869 | D:5      | Found a shadowy altar of Dithmenos.
  5931 | D:5      | Reached skill level 5 in Translocations
  6087 | D:5      | Reached skill level 6 in Spellcasting
  6304 | D:5      | Reached XP level 8. HP: 57/57 MP: 12/17
  6927 | D:6      | Noticed Maggie
  6938 | D:6      | Killed Maggie
  6938 | D:6      | Reached skill level 7 in Spellcasting
  6998 | D:6      | Found a glowing drain.
  7005 | D:6      | Reached * piety under Vehumet
  7005 | D:6      | Offered knowledge of Sandblast by Vehumet.
  7091 | Sewer    | Entered a sewer
  7201 | Sewer    | Learned a level 4 spell: Olgreb's Toxic Radiance
  7205 | Sewer    | Learned a level 3 spell: Ignite Poison
  7518 | D:6      | Reached skill level 1 in Fire Magic
  7518 | D:6      | Reached XP level 9. HP: 62/62 MP: 11/20
  7522 | D:6      | Reached skill level 1 in Transmutations
  7522 | D:6      | Reached skill level 1 in Poison Magic
  7989 | D:6      | Offered knowledge of Foxfire by Vehumet.
  8233 | D:6      | Reached ** piety under Vehumet
  8247 | D:6      | Noticed Blork the orc
  8255 | D:6      | Killed Blork the orc
  8255 | D:6      | Reached skill level 8 in Spellcasting
  8884 | D:7      | You fall into a shaft and drop 3 floors!
  8884 | D:10     | Entered Level 10 of the Dungeon
  8947 | D:10     | Noticed a white ugly thing
  8968 | D:10     | HP: 2/62 [red ugly thing (7)]
  8969 | D:10     | Mangled by a red ugly thing

Illustrated notes

Levels and vault maps discovered:
D:1:      denvon_arrival_planthouse, layout_basic
D:2:      minmay_diamond_boxcup, layout_basic, grunt_temple_overflow_open,
          grunt_decor_cap
D:3:      layout_loops_ring, uniq_ijyb
D:4:      layout_cave_pools, bloody_trog, minmay_temple_entry_mist, uniq_edmund
D:5:      kennysheep_six_static_rooms, layout_basic,
          grunt_dithmenos_smoke_and_mirrors, first_ration
D:6:      minmay_skewed_foursquare, layout_loops_ring, portal_sewer_entry_b,
          grunt_decor_one_mirror, uniq_blork_the_orc, uniq_maggie
D:7:      layout_rooms, the_bakery, kennysheep_potato, uniq_duvessa
D:10:     layout_roguey, serial_shops, nicolae_shop_crystal, uniq_erica
Temple:   dpeg_chambers_temple

Skill      XL: |  1  2  3  4  5  6  7  8  9 |
---------------+----------------------------+-----
Spellcasting   | 3 4 5 6 7 8 |  8.1
Translocations | 2 3 4 5 6 |  6.2
Conjurations   | 5 6 |  6.5
Fire Magic     | 1 3 |  3.5
Transmutations | 3 |  3.0
Poison Magic   | 3 |  3.0
Dodging        | |  1.7
Stealth        | |  1.7

Action                   |  1- 3 |  4- 6 |  7- 9 || total
-------------------------+-------+-------+-------++-------
Melee: Unarmed           |    20 |    15 |       ||    35
       Tailslap          |     1 |     1 |     3 ||     5
       Flail             |       |    26 |     6 ||    32
       Staff             |       |       |    22 ||    22
       Quarterstaff      |       |       |     1 ||     1
 Cast: Magic Dart        |    65 |    42 |    62 ||   169
       Searing Ray       |    17 |    29 |    62 ||   108
       Iskenderun's Myst |       |       |     6 ||     6
       Olgreb's Toxic Ra |       |       |     3 ||     3
       Ignite Poison     |       |       |     3 ||     3
 Abil: Breathe Fire      |       |       |     2 ||     2
  Use: Scroll            |     4 |     3 |     8 ||    15
       Potion            |       |     3 |     5 ||     8
  Eat: Chunk             |     4 |     5 |    14 ||    23
       Ration            |     1 |       |     1 ||     2
Armor: Skin              |    12 |    22 |    51 ||    85
Dodge: Dodged            |    27 |    31 |    54 ||   112
